 Dungeon Crawl Stone Soup version 0.28-a0-401-ge240ad9e29 (webtiles) character file.

Game seed: 15823126771505949307

3700 mistaj the Fighter (level 10, -7/56 (57) HPs)
             Began as a Vine Stalker Fighter on Sept 4, 2021.
             Was an Initiate of Gozag.
             Mangled by a wight (9 damage)
             ... on level 7 of the Dungeon.
             The game lasted 00:17:39 (7335 turns).

mistaj the Fighter (Vine Stalker Fighter)           Turns: 7335, Time: 00:17:41

HP:   -7/56 (57)    AC: 14    Str: 27    XL:     10   Next: 13%
MP:   0/21          EV:  8    Int: 10    God:    Gozag
Gold: 846           SH:  5    Dex: 19    Spells: 22/22 levels left

rFire   . . .      SeeInvis .   e - +2 long sword (vamp)
rCold   . . .      Faith    .   c - +0 buckler
rNeg    . . .      Spirit   +   y - +0 chain mail
rPois   .          Reflect  .   x - +2 helmet
rElec   .          Harm     .   b - +0 cloak
rCorr   .          Rampage  .   k - +0 pair of gloves
Will    +....                   (no boots)
Stlth   ..........              (no amulet)
HPRegen 1.18/turn               o - +6 ring of dexterity
MPRegen 0.17/turn               p - +6 ring of strength

@: gold aura, slowed, lightly drained, very slow
A: fangs 3, regeneration 1, magic shield, antimagic bite, no potion heal 2
a: Renounce Religion, Potion Petition, Call Merchant, Bribe Branch


You were on level 7 of the Dungeon.
You worshipped Gozag.
Gozag was pleased with you.
You visited 2 branches of the dungeon, and saw 8 of its levels.

You collected 927 gold pieces.
You paid 81 gold pieces to Gozag.

Inventory:

Hand Weapons
 a - a +0 rapier
 e - a +2 vampiric long sword (weapon)
 q - a +5 dagger of venom
 r - a +0 war axe
Missiles
 u - 11 poisoned darts (quivered)
Armour
 b - a +0 cloak (worn)
 c - a +0 buckler (worn)
 h - +0 steam dragon scales
 k - a +0 pair of gloves (worn)
 x - a +2 helmet (worn)
 y - a +0 chain mail (worn)
Jewellery
 o - a +6 ring of dexterity (left hand)
 p - a +6 ring of strength (right hand)
Wands
 m - a wand of flame (81)
Scrolls
 f - 2 scrolls of silence {unknown}
 g - a scroll of blinking {unknown}
 j - a scroll of teleportation
 l - a scroll of enchant weapon
 s - 3 scrolls of noise {unknown}
 t - a scroll of vulnerability {unknown}
 v - 3 scrolls of amnesia {unknown}
Potions
 d - a potion of might
 i - a potion of resistance
 n - a potion of invisibility
 w - a potion of flight {unknown}
 z - 3 potions of haste {unknown}
 A - 2 potions of curing


   Skills:
 + Level 8.6 Fighting
 - Level 7.4(7.8) Short Blades
 + Level 3.3(5.8) Long Blades
 - Level 2.4 Armour
 - Level 2.6 Shields
 + Level 6.7 Spellcasting


You had 22 spell levels left.
You didn't know any spells.
Your spell library contained the following spells:

 Spells                   Type           Power      Damage    Failure   Level
 Gell's Gravitas          Tloc           1%         N/A       99%         3
 Teleport Other           Tloc           3%         N/A       99%         3
 Dispersal                Tloc           1%         N/A       100%        6


Dungeon Overview and Level Annotations

Branches:
Dungeon (7/15)             Temple (1/1) D:4

Altars:
Ashenzari
Cheibriados
Dithmenos
Elyvilon
Fedhas
Gozag
Hepliaklqana
Kikubaaqudgha
Makhleb
Nemelex Xobeh
Qazlal
Ru
Sif Muna
Trog
Wu Jian
Xom
Yredelemnul
The Shining One


Innate Abilities, Weirdness & Mutations

You have razor-sharp teeth.
Your natural rate of healing is unusually fast.
When hurt, damage is shared between your health and your magic reserves.
Your bite disrupts and absorbs the magic of your enemies.
Potions cannot restore your health.


Message History

You closely miss the iguana. You bite the iguana, but do no damage.
The iguana is heavily wounded.
You block the iguana's attack.
You slash the iguana!
You kill the iguana!
You block the wraith's attack.
You slash the gargoyle!
You bite the gargoyle, but do no damage.
The gargoyle is moderately damaged.
You block the wraith's attack. You block the gargoyle's attack.
Your chain mail prevents you from hitting the gargoyle.
You bite the gargoyle, but do no damage.
The gargoyle is moderately damaged.
The gargoyle hits you but does no damage.
The wraith hits you! The wraith drains your vigour!
You feel yourself slow down.
You completely miss the gargoyle.
You bite the gargoyle, but do no damage.
The gargoyle is moderately damaged.
You block the wraith's attack.
The gargoyle hurls a stone arrow at you.
The stone arrow hits you. You block the wraith's attack.
The gargoyle hurls a stone arrow at you.
The stone arrow hits you! The wraith hits you! The wraith drains your vigour!
You feel as though you will be slow longer.
The wraith hits you! The wraith drains your vigour!
You feel as though you will be slow longer.
The gargoyle hits you with a +1 vorpal morningstar.
The wraith is distracted by your dazzling golden aura.
The gargoyle hurls a stone arrow at you.
The stone arrow hits you!!
* * * LOW HITPOINT WARNING * * *
The wraith is no longer distracted by gold.
The gargoyle hurls a stone arrow at you.
The stone arrow hits you!!
* * * LOW HITPOINT WARNING * * *
The wight hits you from afar with a +2 spear!
You die...
Your body crumbles into a pile of gold.

#.....# #..#..###
#........ #.....##.
#.....##. # #.#...##.
♣♣.#.###...##.
♣♣♣♣♣⌠..#..^..>.##.
♣♣.@.z♣ #######.#..
♣♣9.♣)♣♣ #######.###
♣♣.W♣#♣.♣ #..........
♣..♣♣#.♣♣♣♣#.#########
♣$.♣♣ #.♣...#.# ♣..♣♣
#..♣♣.#.# ...♣
#♣♣♣.♣#.# ♣..♣ ♣.♣♣#.#
#.# ♣.♣ #.#


You could see a wraith, a gargoyle and a wight.

Vanquished Creatures
  Pikel (D:6)
  Maggie (D:6)
  Grinder (D:5)
  Sigmund (D:2)
  5 yaks (D:5)
  A black bear (D:4)
  A necrophage (D:6)
  5 ogres
  2 centaurs
  2 phantoms (D:5)
  3 lemures (D:6)
  2 bullfrogs
  2 kobold brigands
  A water moccasin skeleton (D:4)
  A wight (D:7)
  5 hounds
  A gnoll shaman (D:4)
  Jessica (D:2)
  Terence (D:3)
  An iguana (D:7)
  4 orc wizards
  7 gnolls
  13 adders
  An ufetubus (D:4)
  A worm (D:2)
  3 dart slugs
  9 orcs
  5 endoplasms
  2 giant cockroaches
  10 goblins
  6 hobgoblins
  5 jackals
  12 kobolds
  3 quokkas
  4 ball pythons
  10 bats
  4 frilled lizards
  6 rats
143 creatures vanquished.

Vanquished Creatures (others)
  A kobold brigand (D:7)
  5 kobolds (D:7)
  3 withered plants (D:2)
9 creatures vanquished.

Grand Total: 152 creatures vanquished

Notes
Turn   | Place    | Note
-------+----------+-------------------------------------------
     0 | D:1      | mistaj the Vine Stalker Fighter began the quest for the
                  | Orb.
     0 | D:1      | Reached XP level 1. HP: 11/11 MP: 2/2
   284 | D:1      | Reached skill level 3 in Fighting
   284 | D:1      | Reached XP level 2. HP: 15/16 MP: 3/3
   840 | D:1      | Reached XP level 3. HP: 20/20 MP: 4/4
  1947 | D:2      | Gained mutation: Your natural rate of healing is unusually
                  | fast. [Vine Stalker growth]
  1947 | D:2      | Reached XP level 4. HP: 11/24 MP: 1/5
  2323 | D:2      | Noticed Sigmund
  2559 | D:2      | Found a faded altar of an unknown god.
  2560 | D:2      | Noticed Jessica
  2579 | D:2      | HP: 1/25 [Jessica/puff of flame (4)]
  2580 | D:2      | Killed Jessica
  2581 | D:2      | Reached skill level 4 in Fighting
  2581 | D:2      | Reached XP level 5. HP: 2/29 MP: 0/6
  3270 | D:3      | Found a sparkling altar of Nemelex Xobeh.
  3303 | D:3      | Found a white marble altar of Elyvilon.
  3506 | D:3      | Noticed Terence
  3520 | D:3      | Killed Terence
  3521 | D:3      | Reached XP level 6. HP: 33/34 MP: 7/7
  3894 | D:4      | Found a staircase to the Ecumenical Temple.
  4012 | Temple   | Entered the Ecumenical Temple
  4083 | Temple   | Became a worshipper of Gozag Ym Sagoz the Greedy
  4275 | D:4      | Reached skill level 5 in Fighting
  4335 | D:4      | Reached XP level 7. HP: 39/39 MP: 8/8
  4490 | D:4      | Reached skill level 5 in Short Blades
  4781 | D:5      | Entered Level 5 of the Dungeon
  4929 | D:5      | Reached skill level 1 in Spellcasting
  4993 | D:5      | Noticed a yak
  4994 | D:5      | Noticed a yak
  4995 | D:5      | Noticed a yak
  5003 | D:5      | Noticed a yak
  5014 | D:5      | Killed a yak
  5015 | D:5      | Reached skill level 6 in Fighting
  5015 | D:5      | Gained mutation: You have razor-sharp teeth. [Vine Stalker
                  | growth]
  5015 | D:5      | Reached XP level 8. HP: 40/44 MP: 8/12
  5016 | D:5      | Noticed a yak
  5020 | D:5      | Killed a yak
  5029 | D:5      | Killed a yak
  5036 | D:5      | Killed a yak
  5044 | D:5      | Killed a yak
  5095 | D:5      | Noticed Grinder
  5143 | D:5      | Killed Grinder
  5144 | D:5      | Reached skill level 7 in Fighting
  5144 | D:5      | Reached XP level 9. HP: 50/50 MP: 16/16
  5376 | D:5      | Found a burning altar of Makhleb.
  5376 | D:5      | Noticed a cacodemon
  5641 | D:5      | Reached skill level 5 in Spellcasting
  6276 | D:2      | Killed Sigmund
  6441 | D:6      | Identified a scroll of acquirement
  6441 | D:6      | Acquired a +2 vampiric long sword
  6591 | D:6      | Noticed Pikel
  6644 | D:6      | Killed Pikel
  6645 | D:6      | Reached skill level 8 in Fighting
  6645 | D:6      | Found a glowing golden altar of the Shining One.
  6863 | D:6      | Found a basalt altar of Yredelemnul.
  6903 | D:6      | Noticed Maggie
  6919 | D:6      | Killed Maggie
  6920 | D:6      | Reached XP level 10. HP: 47/57 MP: 14/20
  7323 | D:7      | Noticed a gargoyle
  7335 | D:7      | HP: 2/56 [gargoyle/stone arrow (14)]
  7335 | D:7      | Mangled by a wight

Illustrated notes

Levels and vault maps discovered:
D:1:      dpeg_arrival_rhombi, layout_loops_ring, serial_rivers,
          chequers_serial_rivers_room_b, chequers_serial_rivers_micro_a,
          chequers_serial_rivers_small_3, chequers_serial_rivers_room_b,
          chequers_serial_rivers_micro_a, chequers_serial_rivers_room_b
D:2:      layout_basic, ebering_ecumenical_altar_petrified, uniq_sigmund,
          uniq_jessica
D:3:      layout_basic, lemuel_round_altar, nicolae_elyvilon_peaceful_grove,
          uniq_terence
D:4:      layout_gridville, temple_fountains, chequers_hall_statues_corner_a
D:5:      layout_basic, makhleb_altar_promises_db, uniq_grinder
D:6:      layout_rooms, lemuel_coloured_pillars_altar,
          nicolae_tso_carved_into_rock, uniq_pikel, uniq_maggie
D:7:      nzn_winding_woodlands_large [nzn_winding_woodlands_hourglass,
          nzn_winding_woodlands_5x15_default,
          nzn_winding_woodlands_5x5_checkerboard,
          nzn_winding_woodlands_center_triple_pond,
          nzn_winding_woodlands_15x15_thick_spiral,
          nzn_winding_woodlands_center_pierced_h,
          nzn_winding_woodlands_5x5_default, nzn_winding_woodlands_5x15_jagged,
          nzn_winding_woodlands_5x5_default], layout_basic,
          lemuel_flamethrower_2, uniq_joseph
Temple:   cyrus_circular_temple

Skill      XL: |  1  2  3  4  5  6  7  8  9 10 |
---------------+-------------------------------+-----
Short Blades   | 2 3 4 5 6 7 |  7.4
Fighting       | 3 4 5 6 7 8 |  8.6
Spellcasting   | 2 4 6 |  6.7
Long Blades    | 2 3 |  3.3
Armour         | |  2.4
Shields        | |  2.6

Action                   |  1- 3 |  4- 6 |  7- 9 | 10-12 || total
-------------------------+-------+-------+-------+-------++-------
Melee: Rapier            |    80 |    74 |       |       ||   154
       Bite              |    19 |    51 |   103 |    19 ||   192
       Dagger            |       |    56 |   137 |       ||   193
       Long sword        |       |       |    51 |    41 ||    92
  Use: Scroll            |       |       |     8 |       ||     8
 Stab: Distracted        |       |       |     1 |       ||     1
Armor: Scale mail        |    41 |    46 |    17 |       ||   104
       Skin              |       |     3 |       |       ||     3
       Chain mail        |       |       |    54 |    11 ||    65
Dodge: Dodged            |    38 |    38 |    53 |    14 ||   143
Block: Buckler           |    32 |    23 |    40 |    14 ||   109

Table legend: (Time is in decaauts)
 A = Elapsed time spent in this place.
 B = Non-inter-level travel time spent in this place.
 C = Inter-level travel time spent in this place.
 D = Time resting spent in this place.
 E = Time spent auto-exploring this place.
 F = Levels seen in this place.
 G = Mean time per level.
                   A        B        C        D        E       F      G
               +--------+--------+--------+--------+--------+-----+--------+
         Total |   7296 |   6629 |    667 |   1109 |   3209 |   8 |  912.0 |
       Dungeon |   7211 |   6556 |    655 |   1109 |   3209 |   7 | 1030.1 |
        Temple |     84 |     72 |     12 |      0 |      0 |   1 |   84.0 |
               +--------+--------+--------+--------+--------+-----+--------+

Top non-repeatable levels by time:
     D:2: 2138 daAuts
     D:1: 1523 daAuts
     D:5: 986 daAuts
     D:4: 868 daAuts
     D:6: 772 daAuts
     D:3: 736 daAuts
     D:7: 185 daAuts
  Temple: 84 daAuts
